 Dungeon Crawl Stone Soup version 0.23.2-40-g277498a001 (webtiles) character file.

Game seed: 5046508851040625358

14 Curus the Insei (level 2, -1/21 HPs)
             Began as a Merfolk Transmuter on Sept 20, 2019.
             Slain by a hobgoblin (3 damage)
             ... on level 1 of the Dungeon.
             The game lasted 00:01:52 (351 turns).

Curus the Insei (Merfolk Transmuter)                 Turns: 351, Time: 00:01:52

Health: -1/21      AC:  2    Str: 10    XL:     2   Next: 41%
Magic:  4/5        EV: 15    Int: 12    God:
Gold:   23         SH:  0    Dex: 19    Spells: 4/5 levels left

rFire    . . .     SeeInvis .     - Unarmed
rCold    . . .     Gourm    .   (no shield)
rNeg     . . .     Faith    .   b - +0 robe
rPois    .         Spirit   .   (no helmet)
rElec    .         Reflect  .   (no cloak)
rCorr    .         Harm     .   (no gloves)
MR       .....                  (no boots)
Stlth    +++.......             (no amulet)
HPRegen  0.07/turn              (no ring)
MPRegen  0.09/turn              (no ring)

@: agile, appendage (expiring), constricted
A: change form in water, swift swim, stealthy swim, horns 2
a: End Transformation


You were on level 1 of the Dungeon.
You were not hungry.
You had grown temporary horns.
You visited 1 branch of the dungeon, and saw 1 of its levels.

You collected 23 gold pieces.

Inventory:

Missiles
 a - 51 arrows
Armour
 b - a +0 robe (worn)
 f - a +2 buckler
Comestibles
 d - 3 rations


   Skills:
 - Level 1.1 Fighting
 - Level 2.6 Dodging
 + Level 4.1 Unarmed Combat
 - Level 2.0 Spellcasting
 - Level 2.6 Transmutations


You had 4 spell levels left.
You knew the following spells:

 Your Spells              Type           Power        Failure   Level  Hunger
a - Beastly Appendage     Tmut           #.....       9%          1    ##.....

Your spell library contained the following spells:

 Spells                   Type           Power        Failure   Level  Hunger
 Sticks to Snakes         Tmut           #.......     14%         2    ###....
 Spider Form              Tmut/Pois      #.........   43%         3    ####...
 Ice Form                 Ice/Tmut       #.......     83%         4    #####..
 Blade Hands              Tmut           #.........   94%         5    ######.


Dungeon Overview and Level Annotations

Branches:
Dungeon (1/15)

Altars:


Innate Abilities, Weirdness & Mutations

You revert to your normal form in water You are very nimble and swift while swimming.
You are very stealthy in the water. (Stealth+)
You have a pair of horns on your head.


Message History

* * * LOW HITPOINT WARNING * * *
The ball python constricts you.
You hit the ball python but do no damage.
Your headbutt misses the ball python.
The ball python is heavily wounded.
The hobgoblin hits you but does no damage.
The bat hits you but does no damage. The ball python bites you.
* * * LOW HITPOINT WARNING * * *
x2 The ball python constricts you.
You feel agile all of a sudden. The bat hits you.
* * * LOW HITPOINT WARNING * * *
The bat closely misses you. The ball python barely misses you.
The ball python constricts you. The hobgoblin closely misses you.
You hit the ball python but do no damage.
The ball python is moderately wounded.
The bat hits you but does no damage. The ball python bites you.
* * * LOW HITPOINT WARNING * * *
The ball python constricts you. The hobgoblin hits you.
You die...

......†.....#
##.##.....###.#
.##..###.....
#.............# .##..#
##..###..##.....###.#
.....# .....#..###...##
#.# .....#
#..#.#..####.## #.#
...[.##.#.#.#.#.#......#
#.#
..................######
#.# ........#......g#.#
#.# ..######.....>.S@$#
#.#
...(....#......b#.......
.######.................
.# .......######## .##
....... ..# .#.#.#. #.#
#..#### .# #. ..


You could see a hobgoblin, a bat and a ball python.

Vanquished Creatures
  An ooze (D:1)
  A leopard gecko (D:1)
  A giant cockroach (D:1)
  A goblin (D:1)
  3 bats (D:1)
  A frilled lizard (D:1)
  A rat (D:1)
9 creatures vanquished.

Notes
Turn   | Place    | Note
-------+----------+-------------------------------------------
     0 | D:1      | Curus the Merfolk Transmuter began the quest for the Orb.
     0 | D:1      | Reached XP level 1. HP: 15/15 MP: 3/3
   203 | D:1      | Reached XP level 2. HP: 15/21 MP: 5/5
   220 | D:1      | Reached skill level 4 in Unarmed Combat
   351 | D:1      | Slain by a hobgoblin

Skill      XL: |  1  2 |
---------------+-------+-----
Unarmed Combat | 4 |  4.1
Fighting       | |  1.1
Dodging        | |  2.6
Spellcasting   | |  2.0
Transmutations | |  2.6

Action                   || total
-------------------------++-------
Melee: Unarmed           ||    37
 Cast: Beastly Appendage ||     1
  Use: Scroll            ||     5
       Potion            ||     3
Armor: Robe              ||    13
Dodge: Dodged            ||    31
